 Dungeon Crawl Stone Soup version 0.22-a0-284-g99d1f7439c (webtiles) character file.

11 Infinimo the Chiller (level 2, 0/20 HPs)
             Began as a Ghoul Ice Elementalist on Mar 21, 2018.
             Slain by a kobold
             ... wielding a +0 club
              (2 damage)
             ... on level 1 of the Dungeon.
             The game lasted 00:00:49 (197 turns).

Infinimo the Chiller (Ghoul Ice Elementalist)        Turns: 197, Time: 00:00:50

Health: 0/20       AC:  2    Str: 11    XL:     2   Next: 29%
Magic:  1/3        EV: 12    Int: 10    God:
Gold:   0          SH:  0    Dex:  9    Spells: 3/4 levels left

rFire    . . .     SeeInvis .   (no weapon)
rCold    + . .     Gourm    .   (no shield)
rNeg     + + +     Faith    .   a - +0 robe
rPois    ∞         Spirit   .   (no helmet)
rElec    .         Reflect  .   (no cloak)
rCorr    .         Harm     .   (no gloves)
MR       .....                  (no boots)
Stlth    ++........             (no amulet)
HPRegen  0.00/turn              (no ring)
MPRegen  0.08/turn              (no ring)

@: rotting
A: rotting body, claws 1, carnivore, cold resistance 1, negative energy
resistance 3, inhibited regeneration, torment resistance, unbreathing
a: no special abilities


You were on level 1 of the Dungeon.
You were not hungry.

You visited 1 branch of the dungeon, and saw 1 of its levels.

Inventory:

Armour
 a - a +0 robe (worn)
Comestibles
 c - a ration


   Skills:
 - Level 1.7 Dodging
 - Level 2.1 Stealth
 - Level 1.7 Spellcasting
   Level 0.7 Conjurations
 + Level 4.1 Ice Magic


You had 3 spell levels left.
You knew the following spells:

 Your Spells              Type           Power        Failure   Level  Hunger
a - Freeze                Ice            #...         6%          1    ##.....


Dungeon Overview and Level Annotations

Branches:
Dungeon (1/15)

Altars:


Innate Abilities, Weirdness & Mutations

Your body is rotting away.
You thrive on raw meat.
You are immune to poison.
You have sharp fingernails.
You are carnivorous and can eat meat at any time.
Your flesh is cold resistant. (rC+)
You are immune to negative energy. (rN+++)
You do not regenerate when monsters are visible.
You are immune to unholy pain and torment.
You can survive without breathing.


Message History

You are too injured to fight recklessly!
You are too injured to fight recklessly!
You scratch the hobgoblin but do no damage.
The hobgoblin is moderately wounded.
You scratch the hobgoblin but do no damage.
The hobgoblin is moderately wounded.
The hobgoblin is moderately wounded.
The hobgoblin is moderately wounded.
The hobgoblin hits you with a whip.
* * * LOW HITPOINT WARNING * * *
You scratch the hobgoblin.
You kill the hobgoblin!
Your Ice Magic skill increases to level 4!
You scratch the leopard gecko.
The leopard gecko is heavily wounded.
You scratch the leopard gecko.
You kill the leopard gecko!
A stone appears from out of thin air!
Something hits you.
You die...

#.# #.# #.# #.#
#.#
#.###########
#...........#
#####(#####.
##.###@#####.#
#.............
##.###.#####.#
#..#
#.............
...≈≈≈≈..#####.
..≈≈≈≈≈≈.#
..≈≈≈≈≈≈$#
...≈≈≈≈≈..


There were no monsters in sight!

Vanquished Creatures
  A leopard gecko (D:1)
  A hobgoblin (D:1)
  2 jackals (D:1)
  A kobold (D:1)
  5 frilled lizards (D:1)
  A goblin (D:1)
11 creatures vanquished.

Notes
Turn   | Place    | Note
-------+----------+-------------------------------------------
     0 | D:1      | Infinimo the Ghoul Ice Elementalist began the quest for the Orb.
     0 | D:1      | Reached XP level 1. HP: 14/14 MP: 2/2
   172 | D:1      | Reached XP level 2. HP: 16/20 MP: 0/3
   194 | D:1      | Reached skill level 4 in Ice Magic
   197 | D:1      | Slain by a kobold

Vault maps used:
D:1:      lightli_arrival_flooded_house, minivault_11, minmay_lizard_pond

Skill      XL: |  1  2 |
---------------+-------+-----
Ice Magic      | 4 |  4.1
Dodging        | |  1.7
Stealth        | |  2.1
Spellcasting   | |  1.7
Conjurations   | |  0.7

Action                   || total
-------------------------++-------
Melee: Unarmed           ||    34
 Cast: Freeze            ||     6
Armor: Robe              ||     5
Dodge: Dodged            ||    25

Table legend:
 A = Spawn XP
 B = Non-spawn XP
 C = Spawn XP percentage of total XP
 D = Spawn monster count
 E = Non-spawn monster count
 F = Spawn count percentage of total count
 G = Total turns spent on level
                    A         B        C        D         E        F      G
               +---------+---------+-------+---------+---------+-------+---------
         Total |       0 |      17 |   0.0 |       0 |      11 |   0.0 |   197
               +---------+---------+-------+---------+---------+-------+---------
           D:1 |       0 |      17 |   0.0 |       0 |      11 |   0.0 |   197
               +---------+---------+-------+---------+---------+-------+---------
